 Dungeon Crawl Stone Soup version 0.31-a0-995-g04711c9635 (webtiles) character file.

Game seed: 661430531802988825

267 Dirtsage the Chopper (level 6, 48/48 HPs)
             Began as a Demonspawn Berserker on Nov 6, 2023.
             Was a Believer of Trog.
             Quit the game on level 3 of the Dungeon.
             The game lasted 00:07:02 (3288 turns).

Dirtsage the Chopper (Demonspawn Berserker)         Turns: 3288, Time: 00:07:03

Health: 48/48      AC: 15    Str: 20    XL:     6   Next: 0%
Magic:  6/6        EV:  6    Int:  8    God:    Trog [**....]
Gold:   176        SH:  0    Dex: 12    Spells: 5/5 levels left

rFire   . . .        a - +0 hand axe
rCold   . . .        (no shield)
rNeg    . . .        c - +1 plate armour
rPois   .            (helmet restricted)
rElec   .            p - +2 cloak
rCorr   .            (no gloves)
SInv    .            (no boots)
Will    .....        h - amulet of faith Stlth
                     (no ring)
HPRegen 0.28/turn    (no ring)
MPRegen 0.10/turn

%: faith
@: no status effects
A: horns 1, rugged brown scales 1, ignite blood 1, powered by pain 1
a: Renounce Religion, Berserk, Trog's Hand


You were on level 3 of the Dungeon.
You worshipped Trog.
Trog was pleased with you.
You visited 1 branch of the dungeon, and saw 3 of its levels.
You also visited: Sewer.

You collected 176 gold pieces.

Inventory:

Hand Weapons
 a - a +0 hand axe (weapon)
Missiles
 m - 2 throwing nets
Armour
 b - a +0 animal skin
 c - a +1 plate armour (worn)
 j - a scarf of repulsion
 p - a +2 cloak (worn)
 q - a scarf of invisibility
Jewellery
 h - an amulet of faith (around neck)
 i - a ring of ice
Wands
 x - a wand of mindburst (16)
Scrolls
 f - a scroll of vulnerability {unknown}
 k - 2 scrolls of enchant armour
 n - a scroll of blinking {unknown}
 u - 3 scrolls of identify {unknown}
 v - a scroll of noise {unknown}
 y - a scroll of fear {unknown}
Potions
 d - 2 potions of brilliance {unknown}
 e - 3 potions of heal wounds {unknown}
 g - a potion of degeneration {unknown}
 l - a potion of cancellation {unknown}
 o - 2 potions of curing {unknown}
 r - a potion of mutation {unknown}
 s - 2 potions of enlightenment {unknown}
 t - a potion of might {unknown}
 w - 2 potions of haste {unknown}


   Skills:
 - Level 3.0 Fighting
 + Level 6.2 Axes
 - Level 1.7 Armour
 - Level 1.7 Dodging


You had 5 spell levels left.
You didn't know any spells.
Your spell library was empty.

Dungeon Overview and Level Annotations

Branches:
Dungeon (3/15)              Sewer (visited)

Altars:
Trog


Innate Abilities, Weirdness & Mutations

You have a pair of small horns on your head.
You are partially covered in rugged brown scales. (AC +1, +3% HP)
Your demonic aura sometimes causes spilled blood to erupt in flames.
You sometimes gain a little power by taking damage.


Message History

Welcome back to the Dungeon!
There is a collapsed entrance here.
You enter the shallow water.
Moving in this stuff is going to be slow.
You see here a rat skeleton.
You see here a river rat skeleton.
You see here a rat skeleton.
You now have 148 gold pieces (gained 14).
w - 2 cyan potions You now have 155 gold pieces (gained 7).
Found a stone staircase leading down.
As you read the scroll labelled XAMOPE BUYPN, it crumbles to dust.
It is a scroll of enchant armour.
Your +0 plate armour glows green for a moment.
u - 3 scrolls labelled VOXIEF NIRI (gained 1)
You now have 164 gold pieces (gained 9).
There is a shaft here.
x - a wand of mindburst (16)
You see here a +1 rapier of freezing.
o - 2 murky sapphire potions (gained 1)
Found a stone staircase leading up.
Found a stone staircase leading down.
You now have 176 gold pieces (gained 12).
d - 2 fuming clear potions (gained 1)
y - a scroll labelled ANGODA QIH AKH
Found a stone staircase leading up.
There is a stone staircase leading up here.
You see here a +0 club.
You open the door.
There is an open door here.
You open the door.
Found a faded altar of an unknown god.
Search for what [Enter for "axe", or ? for help]? axe Unknown command.
Are you sure you want to abandon this character and quit the game? (Confirm with "yes".)
Okay, then.
There is an open door here.
There is a shaft here.
A quokka comes into view.
Are you sure you want to abandon this character and quit the game? (Confirm with "yes".)

.............#
.............#
.....#
.............#
.....#
.............#
.....#
...#####.....#
.....#
###..........#
....#
....####+#...###
....# #####
#.#...##....# #
#.###..@....# #
#.....#........ #
#####.......r.# #
##......#.! #
#.....## . #
#.....# # #.....#
#.##...
#.##........##....#


You could see a quokka.

Vanquished Creatures
  10 adders
  10 river rats
  7 worms
  A dart slug (D:1)
  An orc (D:3)
  4 endoplasms
  3 giant cockroaches
  5 goblins
  5 hobgoblins
  2 quokkas
  7 ball pythons
  A bat (D:1)
  5 frilled lizards (Sewer)
  3 kobolds
  17 rats
81 creatures vanquished.

Notes
Turn   | Place    | Note
-------+----------+-------------------------------------------
     0 | D:1      | Dirtsage the Demonspawn Berserker began the quest for the
                  | Orb.
     0 | D:1      | Reached XP level 1. HP: 18/18 MP: 1/1
    65 | D:1      | Reached skill level 3 in Axes
   393 | D:1      | Gained mutation: You are partially covered in rugged brown
                  | scales. (AC +1, +3% HP) [demonic ancestry]
   393 | D:1      | Reached XP level 2. HP: 16/24 MP: 2/2
  1274 | D:2      | Gained mutation: You sometimes gain a little power by
                  | taking damage. [demonic ancestry]
  1274 | D:2      | Reached XP level 3. HP: 16/29 MP: 3/3
  1298 | D:2      | Reached skill level 4 in Axes
  1695 | D:2      | Gained mutation: You have a pair of small horns on your
                  | head. [demonic ancestry]
  1695 | D:2      | Reached XP level 4. HP: 36/36 MP: 4/4
  1744 | D:2      | Found a bloodstained altar of Trog.
  1991 | D:3      | Reached ** piety under Trog
  1998 | D:3      | Reached skill level 5 in Axes
  2026 | D:3      | Reached XP level 5. HP: 21/42 MP: 5/5
  2268 | D:3      | Found a glowing drain.
  2278 | Sewer    | Entered a sewer
  2508 | Sewer    | Reached skill level 6 in Axes
  2711 | Sewer    | Gained mutation: Your demonic aura sometimes causes spilled
                  | blood to erupt in flames. [demonic ancestry]
  2711 | Sewer    | Reached XP level 6. HP: 48/48 MP: 6/6
  3235 | D:3      | Found a faded altar of an unknown god.
  3288 | D:3      | Quit the game

Illustrated notes

Levels and vault maps discovered:
D:1:      lightli_arrival_chessboard, layout_basic,
          chequers_serial_rivers_small_a
D:2:      layout_basic, basic_altar
D:3:      minmay_chambers_of_twos, layout_basic,
          hellmonk_ecumenical_altar_inner_sanctum, lightli_sewer_entry_pipes,
          minmay_stone_trees_small

Skill      XL: |  1  2  3  4  5 |
---------------+----------------+-----
Axes           | 3 4 5 6 |  6.2
Fighting       | |  3.0
Armour         | |  1.7
Dodging        | |  1.7

Action                     |  1- 3 |  4- 6 || total
---------------------------+-------+-------++-------
  Melee: Hand axe          |   107 |   216 ||   323
         Punch             |     1 |       ||     1
         Headbutt          |       |    31 ||    31
 Invoke: Berserk           |     2 |     2 ||     4
    Use: Scroll            |       |     1 ||     1
 Armour: Plate armour      |    83 |   189 ||   272
         Animal skin       |     3 |       ||     3
  Dodge: Dodged            |    26 |    67 ||    93

Table legend: (Time is in decaauts)
 A = Elapsed time spent in this place.
 B = Non-inter-level travel time spent in this place.
 C = Inter-level travel time spent in this place.
 D = Time resting spent in this place.
 E = Time spent auto-exploring this place.
 F = Levels seen in this place.
 G = Mean time per level.
                   A        B        C        D        E       F      G
               +--------+--------+--------+--------+--------+-----+--------+
         Total |   3430 |   3293 |    137 |    308 |   2298 |   4 |  857.5 |
       Dungeon |   2779 |   2642 |    137 |    219 |   1948 |   3 |  926.3 |
         Sewer |    651 |    651 |      0 |     89 |    350 |   1 |  651.0 |
               +--------+--------+--------+--------+--------+-----+--------+

Top non-repeatable levels by time:
     D:1: 1104 daAuts
     D:2: 882 daAuts
     D:3: 791 daAuts
   Sewer: 651 daAuts
